 Dungeon Crawl Stone Soup version 0.28-b1-70-g80dc712255 (webtiles) character file.

Game seed: 13241722063080122108

46 crazypyro the Skirmisher (level 3, -8/29 HPs)
             Began as a Demonspawn Fighter on Feb 3, 2022.
             Mangled by Terence (12 damage)
             ... on level 2 of the Dungeon.
             The game lasted 00:01:20 (1303 turns).

crazypyro the Skirmisher (Demonspawn Fighter)       Turns: 1303, Time: 00:01:21

Health: -8/29      AC:  6    Str: 18    XL:     3   Next: 46%
Magic:  3/3        EV:  9    Int:  9    God:
Gold:   44         SH:  4    Dex: 12    Spells: 2/2 levels left

rFire   . . .      SeeInvis .   a - +1 war axe
rCold   . . .      Faith    .   c - +0 buckler
rNeg    . . .      Spirit   .   b - +0 scale mail
rPois   .          Reflect  .   (helmet restricted)
rElec   .          Harm     .   (no cloak)
rCorr   .          Rampage  .   (no gloves)
Will    .....                   (no boots)
Stlth   ..........              j - amulet of magic regeneration
HPRegen 0.09/turn               (no ring)
MPRegen 0.48/turn               (no ring)

@: no status effects
A: antennae 1, spiny 1
a: no special abilities


You were on level 2 of the Dungeon.
You visited 1 branch of the dungeon, and saw 2 of its levels.

You collected 44 gold pieces.

Inventory:

Hand Weapons
 a - a +1 war axe (weapon)
Armour
 b - a +0 scale mail (worn)
 c - a +0 buckler (worn)
Jewellery
 j - an amulet of magic regeneration (around neck)
Potions
 d - a potion of might
 e - a potion of brilliance
 k - a potion of mutation {unknown}


   Skills:
 - Level 3.3 Fighting
 * Level 2.3 Axes
 - Level 3.1 Armour
 + Level 0.1 Dodging
 - Level 3.1 Shields


You had 2 spell levels left.
You didn't know any spells.
Your spell library contained the following spells:

 Spells                   Type           Power      Damage    Failure   Level
 Ensorcelled Hibernation  Hex/Ice        0%         N/A       94%         2
 Passwall                 Tmut/Erth      0%         N/A       94%         2
 Swiftness                Air            0%         N/A       99%         3


Dungeon Overview and Level Annotations

Branches:
Dungeon (2/15)

Altars:

Annotations:
D:2 Terence


Innate Abilities, Weirdness & Mutations

You have a pair of small antennae on your head.
You are partially covered in sharp spines.


Message History

As you read the scroll labelled NUASAR HOTEARPH, it crumbles to dust.
You feel strangely unstable.
It was a scroll of teleportation.
As you read the scroll labelled JEEDYLLORU, it crumbles to dust.
It is a scroll of identify.
e - a potion of brilliance Your surroundings suddenly seem different.
You open the door.
There is an open door here.
As you open the door, it creaks loudly!
There is an open door here.
An endoplasm comes into view.
The endoplasm quivers.
An endoplasm is nearby!
Terence the Incautious comes into view.
He is wielding a +4 vorpal mace.
Terence shouts!
The endoplasm freezes you.
You are frozen.
You slash the endoplasm!
You kill the endoplasm!
You hit Terence but do no damage.
Terence hits you with a +4 vorpal mace. x2
You are too injured to fight recklessly!
You are too injured to fight recklessly!
You hit Terence but do no damage. Terence closely misses you.
You closely miss Terence. You block Terence's attack.
You hit Terence.
Terence is moderately wounded.
Terence is struck by your spines. Terence hits you with a +4 vorpal mace.
Terence completely misses you.
You hit Terence.
Terence is severely wounded.
Terence is struck by your spines. Terence barely misses you.
You barely miss Terence.
Terence is severely wounded.
Terence hits you with a +4 vorpal mace.
* * * LOW HITPOINT WARNING * * *
x2 Terence hits you but does no damage.
You hit Terence but do no damage.
Terence is severely wounded.
Terence hits you with a +4 vorpal mace!
You die...

#.#.##########...##############
#.#...........................(
#.#..............##############
#.#.......#####+##
#.#.......#####.#
#.#....)........#
#.#.÷...(.......#######
#.#....>....[..........
#.#)#'###......@@......
#.#.#.......###########
#.#.#####.#.# ##'#.÷...#.#.#
......##.#.#.# .........#...#
.......####### ....<..#
..<....#


You could see Terence.

Vanquished Creatures
  3 dart slugs (D:1)
  2 ball pythons (D:1)
  4 bats
  2 endoplasms
  2 giant cockroaches (D:1)
  5 goblins (D:1)
  3 hobgoblins
  3 jackals (D:2)
  4 kobolds
  2 quokkas (D:1)
  3 frilled lizards (D:1)
  2 rats
35 creatures vanquished.

Vanquished Creatures (others)
  2 fungi (D:1)
2 creatures vanquished.

Grand Total: 37 creatures vanquished

Notes
Turn   | Place    | Note
-------+----------+-------------------------------------------
     0 | D:1      | crazypyro the Demonspawn Fighter began the quest for the
                  | Orb.
     0 | D:1      | Reached XP level 1. HP: 18/18 MP: 1/1
   211 | D:1      | Gained mutation: You have a pair of small antennae on your
                  | head. [demonic ancestry]
   211 | D:1      | Reached XP level 2. HP: 24/24 MP: 2/2
   432 | D:1      | Gained mutation: You are partially covered in sharp spines.
                  | [demonic ancestry]
   432 | D:1      | Reached XP level 3. HP: 29/29 MP: 3/3
   479 | D:1      | Found a faded altar of an unknown god.
  1293 | D:2      | Noticed Terence
  1303 | D:2      | Mangled by Terence

Illustrated notes

Levels and vault maps discovered:
D:1:      psy_arrival_conway, layout_loops_ring,
          dreamdust_ecumenical_altar_hidden_monk_grotto, minmay_pentomino_u2
D:2:      layout_basic, basic_altar, uniq_robin, uniq_crazy_yiuf_cottage,
          uniq_terence

Skill      XL: |  1  2 |
---------------+-------+-----
Axes           | 2 |  2.3
Armour         | 3 |  3.1
Shields        | 3 |  3.1
Fighting       | |  3.3
Dodging        | |  0.1

Action                   || total
-------------------------++-------
Melee: War axe           ||    70
  Use: Scroll            ||     4
Armor: Scale mail        ||    30
Dodge: Dodged            ||    25
Block: Buckler           ||    16
